 Dungeon Crawl Stone Soup version 0.24.0-123-gd5b16e6ec5 (webtiles) character file.

Game seed: 10301138529984051777, levelgen mode: deterministic

53 Amplified the Grasshopper (level 3, 0/31 HPs)
             Began as a Gnoll Warper on Jan 18, 2020.
             Slain by a kobold
             ... wielding a +1 whip of electrocution
              (10 damage)
             ... on level 2 of the Dungeon.
             The game lasted 00:01:56 (1568 turns).

Amplified the Grasshopper (Gnoll Warper)            Turns: 1568, Time: 00:01:57

Health: 0/31       AC:  3    Str: 13    XL:     3   Next: 89%
Magic:  9/9        EV: 14    Int: 16    God:
Gold:   49         SH:  0    Dex: 14    Spells: 7/12 levels left

rFire    . . .     SeeInvis .   a - +0 mace
rCold    . . .     Gourm    .   (no shield)
rNeg     . . .     Faith    .   b - +0 leather armour
rPois    .         Spirit   .   (no helmet)
rElec    .         Reflect  .   (no cloak)
rCorr    .         Harm     .   (no gloves)
MR       .....                  (no boots)
Stlth    +.........             (no amulet)
HPRegen  0.10/turn              (no ring)
MPRegen  0.11/turn              (no ring)

@: no status effects
A: distributed training, fangs 1, strong nose
a: no special abilities


You were on level 2 of the Dungeon.
You were not hungry.

You visited 1 branch of the dungeon, and saw 2 of its levels.

You collected 49 gold pieces.

Inventory:

Hand Weapons
 a - a +0 mace (weapon)
Missiles
 e - 4 boomerangs of dispersal
 m - 14 poisoned darts (quivered)
Armour
 b - a +0 leather armour (worn)
Scrolls
 c - a scroll of magic mapping
 d - a scroll of blinking
 h - a scroll of amnesia
 i - 2 scrolls of teleportation
Potions
 g - a potion of degeneration {unknown}
 j - a potion of brilliance {unknown}
 k - a potion of flight
 l - a potion of magic
Comestibles
 f - 4 rations


   Skills:
 + Level 4.6 Fighting
 + Level 1.0 Short Blades
 + Level 1.0 Long Blades
 + Level 1.0 Axes
 + Level 4.6 Maces & Flails
 + Level 1.0 Polearms
 + Level 1.0 Staves
 + Level 1.0 Slings
 + Level 1.0 Bows
 + Level 1.0 Crossbows
 + Level 2.6 Throwing
 + Level 2.6 Armour
 + Level 4.6 Dodging
 + Level 1.0 Stealth
 + Level 1.0 Shields
 + Level 1.0 Unarmed Combat
 + Level 5.0 Spellcasting
 + Level 0.7 Conjurations
 + Level 0.7 Hexes
 + Level 0.7 Charms
 + Level 0.7 Summonings
 + Level 0.7 Necromancy
 + Level 5.4 Translocations
 + Level 0.7 Transmutations
 + Level 0.7 Fire Magic
 + Level 0.7 Ice Magic
 + Level 0.7 Air Magic
 + Level 0.7 Earth Magic
 + Level 0.7 Poison Magic
 + Level 1.0 Invocations
 + Level 1.0 Evocations


You had 7 spell levels left.
You knew the following spells:

 Your Spells              Type           Power        Failure   Level  Hunger
a - Blink                 Tloc           N/A          3%          2    #......
b - Gell's Gravitas       Tloc           ###.......   6%          3    ###....

Your spell library contained the following spells:

 Spells                   Type           Power        Failure   Level  Hunger
 Lesser Beckoning         Tloc           ###.......   6%          3    ###....
 Teleport Other           Tloc           ###.....     6%          3    ###....
 Shroud of Golubria       Chrm/Tloc      ##....       9%          2    #......
 Passage of Golubria      Tloc           N/A          21%         4    ####...


Dungeon Overview and Level Annotations

Branches:
Dungeon (2/15)

Altars:


Innate Abilities, Weirdness & Mutations

Your experience applies equally to all skills.
You have very sharp teeth.
Your uncanny sense of smell can sniff out nearby items.


Message History

Your Polearms skill increases to level 1!
Your Staves skill increases to level 1!
Your Slings skill increases to level 1!
Your Bows skill increases to level 1!
Your Crossbows skill increases to level 1!
Your Stealth skill increases to level 1!
Your Shields skill increases to level 1!
Your Unarmed Combat skill increases to level 1!
Your Evocations skill increases to level 1!
Throwing (i - inventory. (/) - cycle)
m - 15 poisoned darts (quivered)
Press: ? - help, Shift-Dir - straight line, f/p - kobold
Aim: a kobold, wielding a +1 whip of electrocution You throw a poisoned dart.
The poisoned dart closely misses the kobold.
The kobold hits you with a +1 whip of electrocution.
You are electrocuted!
You see here a bat corpse.
You see here a frilled lizard corpse.
The kobold hits you with a +1 whip of electrocution.
You are electrocuted!
You die...

#............#
#...##.#
#.......#....#
#...##.#
###.....##...#
#...##.######
#.....##...#
#........†...
#.........##
#..###.######
####.......#
#..###'###
#.....†.#####..##....#
#######†K#.).........#
##@#...÷.......##
#..............#
##.............+
#.###..##.....#
#..##...'.....#
####.###.##.....#
##.........+.....#
#...#...#>##.....#
#.........########


You could see a kobold.

Vanquished Creatures
  A hound skeleton (D:2)
  A worm (D:2)
  A leopard gecko (D:1)
  7 bats
  A giant cockroach (D:1)
  3 goblins
  5 hobgoblins
  3 jackals (D:2)
  2 quokkas (D:2)
  A ball python (D:1)
  3 frilled lizards
  3 kobolds (D:1)
  3 rats
34 creatures vanquished.

Notes
Turn   | Place    | Note
-------+----------+-------------------------------------------
     0 | D:1      | Amplified the Gnoll Warper began the quest for the Orb.
     0 | D:1      | Reached XP level 1. HP: 20/20 MP: 6/6
   139 | D:1      | Reached XP level 2. HP: 26/26 MP: 7/7
  1078 | D:2      | Reached XP level 3. HP: 31/31 MP: 9/9
  1087 | D:2      | Learned a level 2 spell: Blink
  1091 | D:2      | Learned a level 3 spell: Gell's Gravitas
  1105 | D:2      | Reached skill level 5 in Spellcasting
  1158 | D:2      | Reached skill level 1 in Invocations
  1555 | D:2      | Reached skill level 1 in Short Blades
  1555 | D:2      | Reached skill level 1 in Long Blades
  1555 | D:2      | Reached skill level 1 in Axes
  1555 | D:2      | Reached skill level 1 in Polearms
  1555 | D:2      | Reached skill level 1 in Staves
  1555 | D:2      | Reached skill level 1 in Slings
  1555 | D:2      | Reached skill level 1 in Bows
  1555 | D:2      | Reached skill level 1 in Crossbows
  1555 | D:2      | Reached skill level 1 in Stealth
  1555 | D:2      | Reached skill level 1 in Shields
  1555 | D:2      | Reached skill level 1 in Unarmed Combat
  1555 | D:2      | Reached skill level 1 in Evocations
  1568 | D:2      | Slain by a kobold

Levels and vault maps discovered:
D:1:      dpeg_arrival_oval, layout_basic
D:2:      cheibrodos_helix_gallery, layout_basic, first_ration

Skill      XL: |  1  2  3 |
---------------+----------+-----
Spellcasting   | 5 |  5.0
Invocations    | 1 |  1.0
Short Blades   | 1 |  1.0
Long Blades    | 1 |  1.0
Axes           | 1 |  1.0
Polearms       | 1 |  1.0
Staves         | 1 |  1.0
Slings         | 1 |  1.0
Bows           | 1 |  1.0
Crossbows      | 1 |  1.0
Stealth        | 1 |  1.0
Shields        | 1 |  1.0
Unarmed Combat | 1 |  1.0
Evocations     | 1 |  1.0
Fighting       | |  4.6
Maces & Flails | |  4.6
Throwing       | |  2.6
Armour         | |  2.6
Dodging        | |  4.6
Conjurations   | |  0.7
Hexes          | |  0.7
Charms         | |  0.7
Summonings     | |  0.7
Necromancy     | |  0.7
Translocations | |  5.4
Transmutations | |  0.7
Fire Magic     | |  0.7
Ice Magic      | |  0.7
Air Magic      | |  0.7
Earth Magic    | |  0.7
Poison Magic   | |  0.7

Action                   || total
-------------------------++-------
Melee: Mace              ||    94
       Bite              ||     5
Throw: Dart              ||    15
       Boomerang         ||     1
 Cast: Blink             ||     2
  Use: Scroll            ||     6
 Stab: Sleeping          ||     1
  Eat: Ration            ||     1
Armor: Leather armour    ||    42
Dodge: Dodged            ||   127
